 Dungeon Crawl Stone Soup version 0.21.1-1-g345015fe64 (webtiles) character file.

0 Gargoyl the Skirmisher (level 1, -16/19 HPs)
             Began as a Centaur Abyssal Knight on June 25, 2018.
             Was a Follower of Lugonu.
             Demolished by a tentacled starspawn (30 damage)
             ... on level 2 of the Abyss.
             The game lasted 00:00:36 (182 turns).

Gargoyl the Skirmisher (Centaur Abyssal Knight)      Turns: 182, Time: 00:00:36

Health: -16/19     AC:  4    Str: 14    XL:     1   Next: 0%
Magic:  2/2        EV:  9    Int: 11    God:    Lugonu [*.....]
Gold:   22         SH:  0    Dex:  8    Spells: 0/0 levels left

rFire    . . .     SeeInvis .   a - +1 hand axe
rCold    . . .     Gourm    .   (no shield)
rNeg     . . .     Faith    .   b - +0 leather armour
rPois    .         Spirit   .   (no helmet)
rElec    .         Reflect  .   (no cloak)
rCorr    .         Harm     .   (no gloves)
MR       .....                  (no barding)
Stlth    ..........             (no amulet)
HPRegen  0.06/turn              (no ring)
MPRegen  0.08/turn              (no ring)

@: very quick
A: large, hooves 3, deformed body, speed 2, tough skin 3
a: Depart the Abyss, Renounce Religion


You were on level 2 of the Abyss.
You worshipped Lugonu.
Lugonu was aware of your devotion.
You were not hungry.

You visited 0 branches of the dungeon, and saw 0 of its levels.
You visited the Abyss 1 time.

You collected 22 gold pieces.

Inventory:

Hand Weapons
 a - a +1 hand axe (weapon)
Armour
 b - a +0 leather armour (worn)
Wands
 d - a wand of acid (8)
Comestibles
 c - a ration


   Skills:
 + Level 3.0 Fighting
 + Level 1.7 Axes
 + Level 1.3 Armour
 + Level 0.6 Dodging
 + Level 2.0 Invocations


You couldn't memorise any spells.
You didn't know any spells.

Dungeon Overview and Level Annotations

Branches:
Dungeon (0/15)

Altars:


Innate Abilities, Weirdness & Mutations

You have hooves in place of feet.
Armour fits poorly on your strangely shaped body.
You cover ground very quickly.
You have extremely tough skin. (AC +3)


Message History

The small abomination moves out of view.
As you read the scroll labeled ROEJEHU ZO BUE, it crumbles to dust.
You feel blessed for a moment.
It was a scroll of remove curse.
The small abomination misses you.
Found a dyed leather armour.
A worldbinder comes into view.
The worldbinder calls forth creatures from the Elven Halls!
The small abomination hits you.
The worldbinder calls forth creatures from the Elven Halls!
The chaos spawn barely misses you.
A wraith comes into view.
Aiming: Corrosive Bolt
Press: ? - help, Shift-Dir - straight line, f - tentacled starspawn
Aim: a tentacled starspawn The bolt of acid hits the tentacled starspawn.
The tentacled starspawn is splashed with acid.
The tentacled starspawn is lightly damaged.
The tentacled starspawn bites you!!
Ouch! That really hurt!
You die...

........###. .# .### .
.........#.....#. ..#.
#.#............. ..... .
.#[..X .#.....#. ...# . .
... ....# #...###...## #
.. ..#.## ##.## ##.## #
#.....###...###...## . #
.##. ....#.....#.....#..
..e.....XX.4...x@.......
.
.....e...#.x...#X....#...
.. .....###...###...##
###..#.## ##.## ##.## #.
.#..... ###...# .W# #.
.##..#.#.#.# ....
..#.#......# ## ....#
###...##..## #. ..#. .#
#. . # # .#


You could see 2 tentacled starspawn, a worldbinder, a chaos spawn, a wraith and
a small abomination.

Vanquished Creatures (others)
  2 starspawn tentacles (Abyss:2)
2 creatures vanquished.

Notes
Turn   | Place    | Note
-------+----------+-------------------------------------------
     0 | Abyss:1  | Gargoyl the Centaur Abyssal Knight began the quest for the Orb.
     0 | Abyss:1  | Reached XP level 1. HP: 19/19 MP: 2/2
     6 | Abyss:2  | Found a corrupted altar of Lugonu.
   100 | Abyss:2  | Found a corrupted altar of Lugonu.
   114 | Abyss:2  | Noticed a wretched star
   120 | Abyss:2  | Noticed a chaos spawn
   127 | Abyss:2  | Noticed a large abomination
   139 | Abyss:2  | Noticed a tentacled starspawn
   152 | Abyss:2  | Noticed a small abomination
   166 | Abyss:2  | Noticed a worldbinder
   167 | Abyss:2  | Noticed a deep elf knight
   170 | Abyss:2  | Noticed a tentacled starspawn
   172 | Abyss:2  | Noticed a deep elf archer
   172 | Abyss:2  | Noticed a deep elf knight
   180 | Abyss:2  | Noticed a wraith
   182 | Abyss:2  | Demolished by a tentacled starspawn

Action                   || total
-------------------------++-------
Evoke: Wand              ||     1
  Use: Scroll            ||     1
Dodge: Dodged            ||     2
